 Dungeon Crawl Stone Soup version 0.30-a0-137-gd8773701ce (webtiles) character file.

Game seed: 263883601512423560

69 IdlyInterested the Sneak (level 4, -9/34 HPs)
             Began as a Formicid Enchanter on Sept 21, 2022.
             Mangled by an iguana (11 damage)
             ... on level 3 of the Dungeon.
             The game lasted 00:08:04 (2178 turns).

IdlyInterested the Sneak (Formicid Enchanter)       Turns: 2178, Time: 00:08:04

Health: -9/34      AC:  5    Str: 12    XL:     4   Next: 42%
Magic:  7/7        EV: 11    Int: 15    God:
Gold:   106        SH:  0    Dex: 16    Spells: 5/8 levels left

rFire   . . .      SeeInvis +    q - +0 falchion
rCold   . . .      Faith    .    (no shield)
rNeg    . . .      Spirit   .    m - +0 ring mail
rPois   .          Reflect  .    (helmet unavailable)
rElec   .          Harm     .    (no cloak)
rCorr   .          Rampage  .    (no gloves)
Will    .....                    (no boots)
Stlth   ++........               (no amulet)
HPRegen 0.11/turn                (no ring)
MPRegen 0.10/turn                (no ring)

@: no status effects
A: permanent stasis, dig shafts and tunnels, antennae 3, four strong arms
a: Dig, Shaft Self


You were on level 3 of the Dungeon.
You visited 1 branch of the dungeon, and saw 3 of its levels.

You collected 106 gold pieces.

Inventory:

Hand Weapons
 a - a +1 dagger
 e - a +1 dagger of protection
 g - a +0 short sword
 q - a +0 falchion (weapon)
Missiles
 f - 4 curare-tipped darts
 l - 4 poisoned darts
 n - 6 stones (quivered)
Armour
 b - a +0 robe
 m - a +0 ring mail (worn)
Scrolls
 k - 3 scrolls of fear
Potions
 c - a potion of invisibility
 d - a potion of magic {unknown}
 h - a potion of degeneration {unknown}
 i - a potion of flight {unknown}
 j - a potion of attraction {unknown}
 o - 2 potions of curing


   Skills:
 * Level 2.4 Fighting
 - Level 1.0 Short Blades
 + Level 1.2 Throwing
 - Level 2.0 Dodging
 - Level 4.0 Stealth
 * Level 2.6 Spellcasting
 - Level 4.0 Hexes


You had 5 spell levels left.
You knew the following spells:

 Your Spells              Type           Power      Damage    Failure   Level
a - Tukima's Dance        Hex            13%        N/A       28%         3

Your spell library contained the following spells:

 Spells                   Type           Power      Damage    Failure   Level
 Confusing Touch          Hex            13%        N/A       28%         3
 Ensorcelled Hibernation  Hex/Ice        14%        N/A       32%         2
 Dazzling Flash           Conj/Hex       14%        N/A       54%         3
 Passwall                 Tmut/Erth      0%         N/A       58%         2
 Kindle Blastsparks       Fire/Tloc/Air  2%         2d10      82%         3
 Spider Form              Tmut/Pois      1%         N/A       82%         3
 Anguish                  Hex/Necr       3%         N/A       91%         4
 Fulminant Prism          Conj/Hex       3%         3d6       91%         4
 Iskenderun's Mystic Bla  Conj/Tloc      1%         2d3       99%         4
 Lee's Rapid Deconstruct  Erth           0%         3d5*      100%        5
 Swiftness                Air            Unusable   N/A       N/A         3

Dungeon Overview and Level Annotations

Branches:
Dungeon (3/15)

Altars:
Xom


Innate Abilities, Weirdness & Mutations

You cannot be hasted, slowed, berserked, paralysed or teleported.
You can dig through walls and to a lower floor.
You have a pair of large antennae on your head. (SInv)
Your four strong arms can wield two-handed weapons with a shield.


Message History

The adder barely misses you. The adder bites you.
You hit the adder.
You kill the adder!
You see here an adder corpse.
You now have 106 gold pieces (gained 18).
There is a stone staircase leading up here.
You climb upwards.
There is a stone staircase leading down here.
HP restored.
You see here a +0 helmet.
There is a stone staircase leading down here.
You climb downwards.
There is a stone staircase leading up here.
You climb upwards.
There is a stone staircase leading down here.
You climb downwards.
There is a stone staircase leading up here.
As you read the scroll labelled NAH NUZ NOC, it crumbles to dust.
Your stasis prevents you from teleporting.
It was a scroll of blinking.
As you read the scroll labelled VULIFI KOAGA, it crumbles to dust.
You feel aware of your surroundings.
You sensed 1 altar.
It was a scroll of magic mapping.
It was a potion of curing.
You feel better.
Found a mace.
Found 2 scrolls of fear.
Found a black potion.
k - 3 scrolls of fear (gained 2)
An iguana comes into view.
The iguana hisses angrily.
You hit the iguana but do no damage. The iguana bites you.
You closely miss the iguana. The iguana bites you.
You hit the iguana but do no damage. The iguana bites you!
The iguana misses you.
You hit the iguana but do no damage. The iguana barely misses you.
You completely miss the iguana. The iguana bites you.
You closely miss the iguana. The iguana bites you!
* * * LOW HITPOINT WARNING * * *
The iguana bites you!
You die...

*,,#.##..!~~~,,,** *,
#,,#.#......,,,*******,
*******##.,#.......#*,,,,,,,,,,
***,,,,,,....#...##).#***,,,****,
,,,,,,,,,........##..# *,,,,,,,,
********,*#.###..##..# *,,,****,
*,*#..........# **,** *,
*,*#..........# *,* *,
*,*#.###.@##..# *,* *, *,*#,*
#.l##..# *,* ** *,**,* #..##..#
*,*** *,**,**#..##.<# *,,,*
*,*,,,*#...#..# ***,*
*,,,,,,..#.#..# *,*
***,{,*##*.#..# *,* **,** *.#..#
*,* *,* *,#..#******,*


You could see an iguana.

Vanquished Creatures
  2 adders
  2 worms (D:2)
  A dart slug (D:2)
  7 ball pythons
  2 endoplasms
  A giant cockroach (D:1)
  4 goblins
  3 hobgoblins (D:1)
  4 jackals
  A quokka (D:1)
  3 bats
  2 frilled lizards (D:2)
  7 kobolds
  A rat (D:1)
40 creatures vanquished.

Notes
Turn   | Place    | Note
-------+----------+-------------------------------------------
     0 | D:1      | IdlyInterested the Formicid Enchanter began the quest for
                  | the Orb.
     0 | D:1      | Reached XP level 1. HP: 13/13 MP: 3/3
   306 | D:1      | Reached XP level 2. HP: 20/20 MP: 5/5
   551 | D:1      | Reached skill level 1 in Fighting
   713 | D:1      | Reached XP level 3. HP: 26/26 MP: 6/6
   771 | D:1      | Learned a level 3 spell: Tukima's Dance
  1256 | D:2      | Found a faded altar of an unknown god.
  1341 | D:2      | Reached skill level 1 in Throwing
  1485 | D:2      | Reached XP level 4. HP: 31/33 MP: 7/7
  2098 | D:3      | Found a shimmering altar of Xom.
  2178 | D:3      | Mangled by an iguana

Illustrated notes

Levels and vault maps discovered:
D:1:      psy_arrival_dodecagon, layout_basic, chequers_serial_rivers_small_b,
          minmay_heptomino_o4
D:2:      layout_basic, basic_ecumenical_altar, serial_bayou_lagoon_a
D:3:      layout_loops_ring, fedhas_ov_isle_minmay, xom_teletrap_fun

Skill      XL: |  1  2  3 |
---------------+----------+-----
Stealth        | 4 |  4.0
Dodging        | 2 |  2.0
Fighting       | 1 2 |  2.4
Hexes          | 4 |  4.0
Throwing       | 1 |  1.2
Short Blades   | |  1.0
Spellcasting   | |  2.6

Action                   |  1- 3 |  4- 6 || total
-------------------------+-------+-------++-------
Melee: Dagger            |   120 |    23 ||   143
       Punch             |     2 |       ||     2
       Falchion          |       |    13 ||    13
Throw: Stone             |    11 |       ||    11
       Dart              |     1 |       ||     1
  Use: Potion            |     1 |     1 ||     2
       Scroll            |     2 |     2 ||     4
 Stab: Invisible         |     3 |       ||     3
       Sleeping          |     7 |     1 ||     8
       Distracted        |     1 |       ||     1
Armor: Robe              |    27 |       ||    27
       Ring mail         |     5 |    13 ||    18
Dodge: Dodged            |    66 |    22 ||    88

Table legend: (Time is in decaauts)
 A = Elapsed time spent in this place.
 B = Non-inter-level travel time spent in this place.
 C = Inter-level travel time spent in this place.
 D = Time resting spent in this place.
 E = Time spent auto-exploring this place.
 F = Levels seen in this place.
 G = Mean time per level.
                   A        B        C        D        E       F      G
               +--------+--------+--------+--------+--------+-----+--------+
         Total |   2186 |   1981 |    205 |    273 |   1171 |   3 |  728.7 |
       Dungeon |   2186 |   1981 |    205 |    273 |   1171 |   3 |  728.7 |
               +--------+--------+--------+--------+--------+-----+--------+

Top non-repeatable levels by time:
     D:1: 1155 daAuts
     D:2: 984 daAuts
     D:3: 47 daAuts
